 Dungeon Crawl Stone Soup version 0.25.0-11-g1f837a76a1 (webtiles) character file.

Game seed: 14585610248650211133

1157 Delamore the Basher (level 8, 0/51 HPs)
             Began as a Gargoyle Fighter on June 27, 2020.
             Was a Follower of Okawaru.
             Slain by an orc warrior
             ... wielding a +0 mace
              (16 damage)
             ... on level 6 of the Dungeon.
             The game lasted 00:06:22 (5614 turns).

Delamore the Basher (Gargoyle Fighter)              Turns: 5614, Time: 00:06:23

Health: 0/51       AC: 13    Str: 23    XL:     8   Next: 39%
Magic:  6/8        EV: 15    Int:  8    God:    Okawaru [*.....]
Gold:   226        SH: 12    Dex:  9    Spells: 7/7 levels left

rFire    . . .     SeeInvis .   v - +0 whip
rCold    . . .     Gourm    .   c - +1 kite shield
rNeg     + . .     Faith    .   b - +0 scale mail
rPois    ∞         Spirit   .   (no helmet)
rElec    +         Reflect  .   m - scarf {repulsion}
rCorr    .         Harm     .   (no gloves)
MR       .....                  (no boots)
Stlth    +.........             (no amulet)
HPRegen  0.17/turn              r - +4 ring of evasion
MPRegen  0.11/turn              (no ring)

@: heroism, repel missiles
A: negative energy resistance 1, electricity resistance, unbreathing,
petrification resistance, rot immunity, AC +5
a: Heroism, Renounce Religion


You were on level 6 of the Dungeon.
You worshipped Okawaru.
Okawaru was aware of your devotion.
You were not hungry.

You visited 2 branches of the dungeon, and saw 7 of its levels.
You also visited: Sewer.

You collected 226 gold pieces.

Inventory:

Hand Weapons
 a - a +0 flail
 v - a +0 whip (weapon)
Missiles
 h - 8 silver javelins (quivered)
 q - 3 atropa-tipped darts
 y - 4 poisoned darts
Armour
 b - a +0 scale mail (worn)
 c - a +1 kite shield (worn)
 m - a scarf of repulsion (worn)
Jewellery
 r - a +4 ring of evasion (left hand)
 z - an uncursed ring of resist corrosion {unknown}
Wands
 t - a wand of polymorph (6)
Scrolls
 g - 2 scrolls of noise
 i - 4 scrolls of remove curse
 j - a scroll of enchant armour
 k - 2 scrolls of immolation
 n - a scroll of magic mapping {unknown}
 o - 3 scrolls of identify {unknown}
 p - 2 scrolls of teleportation {unknown}
 B - a scroll of fear {unknown}
 E - a scroll of blinking {unknown}
 G - a scroll of fog {unknown}
 H - a scroll of amnesia {unknown}
Potions
 d - 3 potions of might
 e - 2 potions of flight
 l - a potion of ambrosia {unknown}
 s - a potion of cancellation
 u - 4 potions of heal wounds {unknown}
 w - a potion of haste {unknown}
 x - a potion of lignification {unknown}
 A - 4 potions of stabbing {unknown}
 C - 3 potions of brilliance {unknown}
 D - a potion of curing {unknown}
 F - a potion of invisibility {unknown}
Comestibles
 f - 7 rations
 I - a chunk of flesh


   Skills:
 - Level 6.2(11.2) Fighting
 + Level 8.6(13.6) Maces & Flails
 - Level 3.2(8.2) Armour
 - Level 3.2(8.2) Shields


You had 7 spell levels left.
You didn't know any spells.
Your spell library was empty.

Dungeon Overview and Level Annotations

Branches:
Dungeon (6/15)             Temple (1/1) D:5           Sewer (visited)

Altars:
Cheibriados
Elyvilon
Makhleb
Nemelex Xobeh
Okawaru
Qazlal
Ru
Uskayaw
Wu Jian
Zin
The Shining One

Annotations:
D:3 2 runed translucent doors, TangoThomas's ghost, weakling DsAK
D:4 1 runed translucent door, Delamore's ghost, novice FoFi


Innate Abilities, Weirdness & Mutations

You are resistant to torment.
Your stone body is resilient. (AC +5)
You are immune to poison.
You resist negative energy. (rN+)
You are resistant to electric shocks. (rElec)
You can survive without breathing.
You are immune to petrification.
You are immune to rotting.


Message History

You see here a ring mail.
There is an open door here.
The worker ant zombie waves its antennae.
There is an open door here.
There is an open door here.
Quiver which item? (- for none, * to show all) (? for menu, Esc to quit)
Okay, then.
You gain the combat prowess of a mighty hero.
You block the orc warrior's attack.
You whack the orc warrior!
The orc warrior is almost dead.
You hit the orc warrior but do no damage.
The orc warrior is almost dead.
You block the orc warrior's attack.
You hit the orc warrior but do no damage.
The orc warrior is almost dead.
You completely miss the orc warrior.
The orc warrior is almost dead.
The orc warrior hits you with a +0 mace!
You die...

#Z. #.. #.. ####..
#############..'..
#..........<#.##..
#.###########.##..
#.# #.#### #@# #.#
#o# #.# #Z# #.#
#.# #.# #.# #.#
#.# #Z# #.# #.#
#.# #.#
##.###########.#


You could see an orc warrior and a worker ant zombie.

Vanquished Creatures
  Purgy (D:3)
  A centaur (D:5)
  3 big kobolds (Sewer)
  2 scorpions
  A howler monkey (D:6)
  A bullfrog zombie (D:5)
  A crimson imp (D:6)
  A quasit (D:5)
  2 hounds
  4 bullfrog skeletons
  A jelly (D:5)
  Jessica (D:3)
  2 worker ants (D:4)
  A hound skeleton (D:5)
  A gnoll (D:1)
  9 adders
  A river rat (D:4)
  4 oozes
  An adder zombie (D:6)
  An adder skeleton (D:5)
  4 worms
  4 dart slugs
  5 leopard geckos
  An orc (D:5)
  4 ball pythons
  16 bats
  7 giant cockroaches
  5 hobgoblins
  8 jackals
  16 kobolds
  3 quokkas
  8 frilled lizards
  7 goblins
  5 rats
132 creatures vanquished.

Notes
Turn   | Place    | Note
-------+----------+-------------------------------------------
     0 | D:1      | Delamore the Gargoyle Fighter began the quest for the Orb.
     0 | D:1      | Reached XP level 1. HP: 14/14 MP: 1/1
   219 | D:1      | Reached XP level 2. HP: 19/19 MP: 2/2
   483 | D:1      | Reached XP level 3. HP: 22/24 MP: 3/3
   763 | D:1      | Reached skill level 3 in Maces & Flails
   909 | D:2      | Reached XP level 4. HP: 30/30 MP: 4/4
  1244 | D:2      | Reached XP level 5. HP: 26/34 MP: 5/5
  1253 | D:2      | Reached skill level 5 in Fighting
  1453 | D:2      | Reached skill level 4 in Maces & Flails
  1810 | D:3      | Noticed Purgy
  2119 | D:3      | Killed Purgy
  2119 | D:3      | Reached XP level 6. HP: 10/41 MP: 6/6
  2542 | D:3      | Found a large runed translucent door.
  2544 | D:3      | Found a large runed translucent door.
  2546 | D:3      | Noticed TangoThomas's ghost (weakling DsAK)
  2638 | D:3      | Found a white marble altar of Elyvilon.
  2638 | D:3      | Found a glowing silver altar of Zin.
  2639 | D:3      | Found a glowing golden altar of the Shining One.
  2853 | D:3      | Noticed Jessica
  2865 | D:3      | Killed Jessica
  2971 | D:4      | Reached skill level 5 in Maces & Flails
  3378 | D:4      | Found a glowing drain.
  3406 | Sewer    | Entered a sewer
  3449 | Sewer    | Reached XP level 7. HP: 45/46 MP: 7/7
  3570 | Sewer    | Reached skill level 6 in Maces & Flails
  3865 | D:4      | Found an iron altar of Okawaru.
  3876 | D:4      | Found a stormy altar of Qazlal.
  3879 | D:4      | Became a worshipper of Warmaster Okawaru
  3901 | D:4      | Found a sparkling altar of Nemelex Xobeh.
  3994 | D:4      | Found an ornate altar of the Wu Jian Council.
  4133 | D:4      | Found a runed translucent door.
  4136 | D:4      | Noticed Delamore's ghost (novice FoFi)
  4488 | D:4      | Found a burning altar of Makhleb.
  4614 | D:5      | Entered Level 5 of the Dungeon
  4634 | D:5      | Found a staircase to the Ecumenical Temple.
  4663 | D:5      | Reached skill level 7 in Maces & Flails
  4823 | D:5      | Reached XP level 8. HP: 42/51 MP: 8/8
  4929 | D:5      | Found a burning altar of Makhleb.
  5029 | D:5      | Reached skill level 8 in Maces & Flails
  5186 | D:5      | Reached * piety under Okawaru
  5375 | Temple   | Entered the Ecumenical Temple
  5507 | D:6      | Found a snail-covered altar of Cheibriados.
  5534 | D:6      | HP: 2/51 [orc warrior/+0 mace (11)]
  5614 | D:6      | Slain by an orc warrior

Illustrated notes

Levels and vault maps discovered:
D:1:      erik_arrival_orb_chamber, layout_loops_ring
D:2:      layout_rooms, first_ration, minmay_heptomino_h4
D:3:      layout_basic, good_gods_mini_temple, ebering_ghost_disaster_area,
          uniq_purgy, uniq_jessica
D:4:      layout_loops_corners, nicolae_overflow_hidden_temple,
          kennysheep_mini_moat, minitemple, ebering_ghost_sewer_d,
          cheibrodos_sewer_entry_sluice
D:5:      layout_rooms, minmay_temple_entry_gardened_gates, nrook_uturn,
          chequers_mini_garden, makhleb_heckhound_becter
D:6:      layout_basic, hangedman_feature_mirror, uniq_maggie
Temple:   compressed_dpeg_circular_temple

Skill      XL: |  1  2  3  4  5  6  7  8 |
---------------+-------------------------+-----
Fighting       | 4 5 6 |  6.2
Maces & Flails | 3 4 5 7 8 |  8.6
Armour         | |  3.2
Shields        | |  3.2

Action                   |  1- 3 |  4- 6 |  7- 9 || total
-------------------------+-------+-------+-------++-------
Melee: Flail             |   130 |   105 |       ||   235
       Whip              |       |   242 |   344 ||   586
Throw: Javelin           |       |     5 |     4 ||     9
       Dart              |       |     3 |       ||     3
Invok: Heroism           |       |       |     1 ||     1
  Use: Potion            |       |     3 |       ||     3
       Scroll            |       |     4 |       ||     4
  Eat: Chunk             |       |     7 |     6 ||    13
       Ration            |       |     1 |       ||     1
Armor: Scale mail        |    75 |   260 |   111 ||   446
Dodge: Dodged            |    51 |   141 |   126 ||   318
       Repelled          |       |     4 |     1 ||     5
Block: Kite shield       |    72 |   231 |   161 ||   464
